 Dungeon Crawl Stone Soup version 0.17-a0-1738-g82cdc46 (webtiles) character file.

270245 kae the Sensei (level 19, -18/143 HPs)
             Began as a Demonspawn Monk on Aug 30, 2015.
             Was the Champion of Okawaru.
             Hit by a javelin of penetration thrown by a merfolk javelineer (27 damage)
             ... on level 4 of the Shoals.
             The game lasted 01:16:11 (35387 turns).

kae the Sensei (Demonspawn Monk)                   Turns: 35387, Time: 01:16:11

Health: -18/143    AC: 24    Str: 12    XL:     19   Next: 80%
Magic:  24/24      EV: 35    Int: 14    God:    Okawaru [******]
Gold:   2716       SH: 11    Dex: 24    Spells: 5 memorised, 9 levels left

rFire  + + +     SeeInvis +       - Unarmed
rCold  + . .     Clarity  .     H - +2 robe {rC+ rF+}
rNeg   . . .     SustAt   .     G - +3 buckler {AC+3}
rPois  +         Gourm    .     (helmet unavailable)
rElec  .         Spirit   .     Q - +2 cloak {MR+}
rCorr  .         Warding  .     l - +2 pair of gloves {Dex+3}
rMut   .         Stasis   +     f - +2 pair of boots
MR     ++...                    m - amulet of stasis
Stlth  ++++......               E - +4 ring of protection
                                k - ring of poison resistance

@: heroism, very resistant to hostile enchantments, stealthy
A: antennae 3, icy blue scales 2, fire resistance 2, ignite blood, powered by
death 3, augmentation 1, flame cloud immunity
a: Heroism, Finesse, Renounce Religion
}: 1/15 runes: serpentine


You were on level 4 of the Shoals.
You worshipped Okawaru.
Okawaru was exalted by your worship.
You were not hungry.

You visited 6 branches of the dungeon, and saw 36 of its levels.
You also visited: Volcano.

You collected 4806 gold pieces.
You spent 2090 gold pieces at shops.

Inventory:

Armour
 a - a +2 robe
 c - a +0 cloak of invisibility
 f - a +2 pair of boots (worn)
 l - a +2 pair of gloves of dexterity (worn)
 G - a +3 buckler of protection (worn)
 H - a +2 robe of resistance (worn)
 Q - a +2 cloak of magic resistance (worn)
 U - a +2 pair of gloves of strength
Jewellery
 h - an uncursed ring of magical power
 k - a ring of poison resistance (left hand)
 m - an amulet of stasis (around neck)
 o - an uncursed amulet of clarity
 s - an uncursed ring of protection from cold
 y - an uncursed ring of positive energy
 E - a +4 ring of protection (right hand)
 J - an uncursed ring of teleportation
 K - an uncursed ring of see invisible {unknown}
 L - an uncursed amulet of faith {unknown}
 M - an uncursed ring of positive energy
 T - the amulet "Agaon" {*Corrode +Rage rF+ MR+}
   (You found it on level 3 of the Snake Pit)

   [amulet of rage]

   It protects you from fire.
   It affects your resistance to hostile enchantments.
   It lets you go berserk.
   It may corrode your equipment when you take damage.
 Z - an uncursed amulet of guardian spirit
Magical devices
 p - a wand of teleportation (4)
 N - a wand of heal wounds (5)
 V - a wand of digging (13)
Scrolls
 d - 12 scrolls of remove curse
 j - 2 scrolls of fear
 q - 4 scrolls of enchant armour
 r - 5 scrolls of fog
 u - a scroll of acquirement
 w - 5 scrolls of recharging
 z - 2 scrolls of enchant weapon
 C - 8 scrolls of teleportation
 D - 3 scrolls of blinking
 F - 17 scrolls of identify
 W - 3 scrolls of amnesia
 Y - 4 scrolls of magic mapping
Potions
 e - 9 potions of agility
 g - 5 potions of might
 i - 13 potions of curing
 n - 2 potions of cancellation
 t - 5 potions of haste
 v - 5 potions of berserk rage
 x - a potion of magic
 A - 2 potions of flight
 O - 4 potions of heal wounds
 P - 3 potions of cure mutation
 R - a potion of resistance
 S - 2 potions of brilliance
Books
 B - a book of Ice

   Spells                             Type                      Level
   a - Ice Form                       Ice/Transmutation            4
   b - Metabolic Englaciation         Hexes/Ice                    5
   c - Ozocubu's Refrigeration        Ice                          6
   d - Bolt of Cold                   Conjuration/Ice              6
   e - Freezing Cloud                 Conjuration/Ice/Air          6
   f - Simulacrum                     Ice/Necromancy               6
Comestibles
 b - 19 bread rations
 I - a royal jelly
 X - 6 fruits


   Skills:
 - Level 11.0(16.0) Fighting
 + Level 17.9(22.9) Dodging
 - Level 1.7(6.7) Stealth
 - Level 6.0(11.0) Shields
 - Level 22.4(27) Unarmed Combat
 - Level 7.2 Invocations


You had 9 spell levels left.
You knew the following spells:

 Your Spells              Type           Power        Failure   Level  Hunger
a - Apportation           Tloc           #.........   30%         1    ##.....
b - Blink                 Tloc           N/A          43%         2    ###....
c - Repel Missiles        Chrm/Air       #.....       43%         2    ###....
d - Swiftness             Chrm/Air       #.......     43%         2    ###....
e - Shroud of Golubria    Chrm/Tloc      #.........   43%         2    ###....


Dungeon Overview and Level Annotations

Branches:
Dungeon (15/15)            Temple (1/1) D:6            Lair (8/8) D:9
 Shoals (4/4) Lair:3        Snake (4/4) Lair:5        Slime (0/6) Lair:7
    Orc (4/4) D:9             Elf (0/3) Orc:4        Vaults (0/5) D:13
 Depths (0/5) D:15

Altars:
Ashenzari
Cheibriados
Dithmenos
Elyvilon
Fedhas
Gozag
Kikubaaqudgha
Nemelex Xobeh
Okawaru
Qazlal
Ru
Sif Muna
Vehumet
Xom
Yredelemnul
Zin
The Shining One
Beogh

Shops:
D:8 *   D:12 }*   Orc:1 [   Orc:2 :   Orc:3 %   Orc:4 :([*   Snake:3 %*!![

Annotations:
Lair:8 2 exclusions


Innate Abilities, Weirdness & Mutations

You have a pair of large antennae on your head (SInv).
You are mostly covered in icy blue scales (AC +3, EV -1).
Your flesh is very heat resistant.
Your demonic aura causes spilled blood to erupt in flames.
You regenerate a lot of health from kills.
Your magical and physical power is slightly enhanced at high health.
You are immune to clouds of flame.


Message History

You pummel the merfolk javelineer!!
The merfolk javelineer is heavily wounded.
The wind drake is engulfed in roaring flames.
The wind drake bites you!
* * * LOW HITPOINT WARNING * * *
You block the merfolk impaler's attack.
The merfolk impaler is engulfed in roaring flames.
The merfolk impaler hits you from afar with a trident.
* * * LOW HITPOINT WARNING * * *
The merfolk impaler closely misses you.
Unknown command.
Unknown command.
Unknown command.
You barely miss the merfolk javelineer.
The merfolk javelineer is heavily wounded.
The merfolk impaler hits you with a demon trident!
* * * LOW HITPOINT WARNING * * *
The merfolk javelineer throws a javelin of penetration.
The javelin of penetration pierces through you!!
You die...

≈≈≈##≈≈≈≈#≈≈≈≈≈≈≈≈≈≈≈≈≈≈≈.......≈
≈≈≈≈#≈#≈≈#≈≈≈≈≈≈≈≈≈≈≈≈≈≈≈........
≈#)≈≈≈≈≈≈#≈≈≈≈≈≈≈≈≈≈≈≈≈≈≈≈.......
#≈#≈≈≈≈≈##≈≈≈≈≈≈≈≈≈≈≈≈≈≈≈≈.......
##≈≈≈≈≈##≈≈≈≈≈≈≈≈≈(≈≈≈≈≈≈.....(..
,#######≈≈≈≈m§≈....≈≈≈≈≈≈......÷.
,,,,≈≈≈≈≈≈≈≈≈≈§.§...≈≈[≈≈.......)
,,,,≈≈≈≈≈≈≈≈≈§.k†§(.≈([≈≈........
≈,,,,≈≈≈≈≈≈≈≈.Sm@§†######†.....))
≈≈≈,≈≈,,.≈≈≈≈..mmm##≈≈≈≈≈#§.....)
≈≈,,,,***###≈..§m##≈.≈{≈#≈#......
≈,,,,**≈....#≈...#≈.≈#≈≈≈#≈#.....
,,,,**≈,..)#.#≈≈≈#≈.≈≈≈≈≈≈≈#≈≈...
,,,**≈,,*≈..#≈#≈≈#≈≈≈##≈≈≈≈#≈≈≈≈≈
,,,**≈,{≈≈≈..≈#≈≈#≈..≈#≈#m≈#≈≈≈≈≈
,,,**≈H≈##≈≈.≈#≈≈#≈*≈.≈≈≈≈≈#≈≈≈≈≈
,**,*≈S,{#≈#..#≈≈#*≈#m≈..≈##≈≈≈≈≈


You could see a merfolk avatar, 3 merfolk impalers, 2 merfolk javelineers, a sea
snake and a wind drake.

Vanquished Creatures
  Jorgrun (Shoals:4)
  Rupert (D:13)
  A sphinx (D:13)
  Gastronok (Lair:2)
  A tengu reaver (D:13)
  Kirke (D:15)
  Ilsuiw (Shoals:4)
  7 greater nagas (Snake:4)
  Donald (Orc:3)
  An orc warlord (Orc:3)
  A stone giant (Orc:3)
  Snorg (Lair:7)
  4 merfolk javelineers
  The ghost of Multipenetrator the Blocker, a powerful FoFi of Okawaru (Orc:4)
  An ettin (D:13)
  6 merfolk impalers
  Josephine (Orc:4)
  A fire dragon (D:15)
  Fannar (D:12)
  14 hydras
  Harold (D:10)
  13 naga warriors
  20 anacondas
  2 alligator snapping turtles
  Erica (D:10)
  4 satyrs
  3 merfolk avatars
  3 centaur warriors
  3 merfolk aquamancers (Shoals:4)
  A vampire mage (D:15)
  7 death yaks
  The ghost of Baka the Protected, a powerful GrFi of Okawaru (D:9)
  A deep troll earth mage (D:13)
  3 orc high priests (Orc:4)
  A titan zombie (D:15)
  A tengu warrior (D:13)
  11 shock serpents
  9 slime creatures
  15 naga sharpshooters
  Sonja (Orc:4)
  Nergalle (Lair:2)
  5 salamander mystics (Snake:4)
  2 skeletal warriors (D:15)
  13 sea snakes
  10 naga ritualists
  A deep elf summoner (D:13)
  13 harpies
  23 hill giants
  A golden dragon skeleton (D:15)
  3 unseen horrors
  2 necromancers
  12 cyclopes
  4 lindwurms (Snake:4)
  11 griffons
  A manticore (D:15)
  6 orc sorcerers
  A moth of wrath (shapeshifter) (D:13)
  19 fauns
  7 water nymphs
  9 ugly things
  17 mana vipers
  10 salamanders
  11 sirens
  Maurice (Orc:3)
  11 elephants
  2 centaur zombies
  8 guardian serpents
  A torpor snail (Lair:4)
  11 spiny frogs
  43 black mambas
  26 naga magi
  2 gargoyles
  A kobold demonologist (D:15)
  A fire drake (shapeshifter) (D:14)
  A yaktaur zombie (D:15)
  11 komodo dragons
  3 fire drakes
  A guardian mummy (Volcano)
  A tengu conjurer (D:13)
  5 wind drakes
  19 merfolk
  3 polar bears (Lair:8)
  A spriggan druid (Lair:8)
  A minotaur skeleton (Volcano)
  15 trolls
  9 blink frogs
  A two-headed ogre (D:15)
  An ettin zombie (D:15)
  4 snapping turtles
  11 spriggans
  2 trapdoor spiders
  A hog (D:15)
  4 wyverns
  2 flying skulls (Volcano)
  A deep elf fighter (D:13)
  2 shadows
  2 redbacks (Lair:8)
  A deep elf mage (D:13)
  48 yaks
  3 basilisks
  4 vampires
  3 hungry ghosts
  6 wraiths
  3 water elementals
  A hill giant skeleton (Volcano)
  4 wargs
  14 hippogriffs
  6 mottled dragons
  40 nagas
  9 vampire mosquitoes
  Edmund (D:4)
  2 soldier ants
  37 wolves
  16 porcupines
  A merfolk skeleton (Volcano)
  Duvessa (D:6)
  3 phantoms
  11 water moccasins
  2 eyes of draining
  6 sky beasts
  2 necrophages
  5 ice beasts
  27 ogres
  3 wasps (Lair:8)
  15 black bears
  14 crocodiles
  15 centaurs
  3 big kobolds
  27 orc warriors
  A wyvern zombie (D:7)
  24 giant frogs
  A gnoll sergeant (D:8)
  Dowan (D:6)
  2 wyvern skeletons
  9 scorpions
  5 killer bees (D:12)
  7 wights (D:11)
  2 troll skeletons (Volcano)
  A spriggan skeleton (Volcano)
  4 electric eels
  9 crimson imps
  2 quasits
  A giant frog zombie (D:5)
  6 centaur skeletons
  10 hounds
  7 iguanas
  3 jellies
  23 orc priests
  32 orc wizards
  2 two-headed ogre skeletons (Volcano)
  A giant frog skeleton (D:6)
  Natasha (thrice) (D:4)
  51 sheep
  10 worker ants
  A killer bee zombie (D:5)
  2 naga skeletons (Volcano)
  2 ogre skeletons (Volcano)
  3 hound zombies
  A worker ant zombie (D:9)
  2 mummies (Volcano)
  12 adders
  11 gnolls
  87 river rats
  5 shadow imps
  A worm (D:3)
  An adder skeleton (D:4)
  167 orcs
  A ball python (D:1)
  8 giant cockroaches
  7 goblins
  11 hobgoblins
  13 jackals
  16 kobolds
  A ball python skeleton (D:4)
  10 bats
  9 giant geckos
  6 giant newts
  A jackal skeleton (D:6)
  6 quokkas
  A quokka zombie (D:7)
  10 rats
  A butterfly (Lair:8)
  4 fungi
  4 plants
1492 creatures vanquished.

Vanquished Creatures (collateral kills)
  A naga warrior (Snake:3)
  2 anacondas (Snake:3)
  A mana viper (Snake:3)
  A naga (Snake:3)
5 creatures vanquished.

Vanquished Creatures (others)
  3 humans (D:15)
  A naga (Snake:3)
  An orc warrior (D:15)
  An orc (D:15)
  A bush (Lair:3)
  16 fungi
  7 plants
30 creatures vanquished.

Grand Total: 1527 creatures vanquished

Notes
Turn   | Place    | Note
--------------------------------------------------------------
     0 | D:1      | kae the Demonspawn Monk began the quest for the Orb.
     0 | D:1      | Reached XP level 1. HP: 18/18 MP: 1/1
    83 | D:1      | Reached skill level 4 in Unarmed Combat
   116 | D:1      | Gained mutation: You regenerate a little health from kills. [demonic ancestry]
   116 | D:1      | Reached XP level 2. HP: 18/24 MP: 2/2
   482 | D:1      | Gained mutation: Your flesh is heat resistant. [demonic ancestry]
   482 | D:1      | Reached XP level 3. HP: 21/29 MP: 3/3
   931 | D:2      | Reached skill level 5 in Unarmed Combat
  1311 | D:3      | Gained mutation: You are immune to clouds of flame. [demonic ancestry]
  1311 | D:3      | Reached XP level 4. HP: 35/35 MP: 4/4
  1359 | D:3      | Found a glowing golden altar of the Shining One.
  1682 | D:3      | Found a sparkling altar of Nemelex Xobeh.
  1899 | D:4      | Noticed Natasha
  1908 | D:4      | Killed Natasha
  1950 | D:4      | Gained mutation: Your demonic aura causes spilled blood to erupt in flames. [demonic ancestry]
  1950 | D:4      | Reached XP level 5. HP: 32/41 MP: 5/5
  1955 | D:4      | Reached skill level 6 in Unarmed Combat
  2028 | D:4      | Gained mutation: You have a pair of small antennae on your head. [demonic ancestry]
  2028 | D:4      | Reached XP level 6. HP: 47/47 MP: 6/6
  2164 | D:4      | Found a shattered altar of Ashenzari.
  2223 | D:4      | Found a snail-covered altar of Cheibriados.
  2226 | D:4      | Found a white marble altar of Elyvilon.
  2227 | D:4      | Found a shadowy altar of Dithmenos.
  2353 | D:4      | Noticed Edmund
  2387 | D:4      | Killed Edmund
  2387 | D:4      | Reached skill level 7 in Unarmed Combat
  2746 | D:4      | Noticed Natasha
  2753 | D:4      | Killed Natasha
  2817 | D:4      | Noticed Natasha
  2827 | D:4      | Killed Natasha
  2847 | D:5      | Entered Level 5 of the Dungeon
  2934 | D:5      | Gained mutation: You are partially covered in icy blue scales (AC +1). [demonic ancestry]
  2934 | D:5      | Reached XP level 7. HP: 37/52 MP: 7/7
  2979 | D:5      | Reached skill level 8 in Unarmed Combat
  3214 | D:5      | Reached skill level 9 in Unarmed Combat
  3357 | D:5      | Gained mutation: You are mostly covered in icy blue scales (AC +3, EV -1). [demonic ancestry]
  3357 | D:5      | Reached XP level 8. HP: 46/58 MP: 8/8
  3785 | D:6      | Reached skill level 10 in Unarmed Combat
  3788 | D:6      | Noticed Duvessa
  3798 | D:6      | Noticed Dowan
  3804 | D:6      | Killed Duvessa
  3808 | D:6      | Killed Dowan
  4033 | D:6      | Reached skill level 11 in Unarmed Combat
  4078 | D:6      | Reached XP level 9. HP: 49/63 MP: 9/9
  4231 | D:6      | Found a glowing silver altar of Zin.
  4232 | D:6      | Found an opulent altar of Gozag.
  4270 | D:6      | Found a staircase to the Ecumenical Temple.
  4287 | Temple   | Entered the Ecumenical Temple
  4370 | Temple   | Became a worshipper of Warmaster Okawaru
  4370 | Temple   | Acquired Okawaru's first power
  4744 | D:7      | Reached skill level 12 in Unarmed Combat
  5354 | D:8      | Found Tuifal's Assorted Antiques.
  5365 | D:8      | Bought a coppery potion for 30 gold pieces
  5365 | D:8      | Bought a smoky cyan potion for 30 gold pieces
  5365 | D:8      | Bought an orange potion for 30 gold pieces
  5365 | D:8      | Bought a scroll labeled ISAFFA YNNIAT for 34 gold pieces
  5860 | D:8      | Reached skill level 13 in Unarmed Combat
  6103 | D:8      | Found a deep blue altar of Sif Muna.
  6105 | D:8      | Found an ancient bone altar of Kikubaaqudgha.
  6105 | D:8      | Found a radiant altar of Vehumet.
  6110 | D:8      | Identified Sif Muna's Papyrus of Protection
  6117 | D:8      | Identified Kikubaaqudgha's Almanac of Necromancy
  6126 | D:8      | Identified Vehumet's Papyrus of Conjuration
  6372 | D:8      | Bought an encrusted ruby ring for 170 gold pieces
  6422 | D:9      | Gained mutation: You have a pair of antennae on your head. [demonic ancestry]
  6422 | D:9      | Reached XP level 10. HP: 70/70 MP: 10/10
  6506 | D:9      | Found a staircase to the Orcish Mines.
  6585 | D:9      | Found a sacrificial altar of Ru.
  6694 | D:9      | Noticed Baka's ghost (powerful GrFi)
  6712 | D:9      | Killed Baka's ghost
  6861 | D:9      | Reached skill level 5 in Fighting
  6900 | D:9      | Found a staircase to the Lair.
  7088 | Lair:1   | Entered Level 1 of the Lair of Beasts
  7201 | Lair:1   | Found a dark tunnel.
  7224 | Volcano  | Entered a volcano
  7269 | Volcano  | Reached skill level 5 in Dodging
  8014 | Lair:1   | Acquired Okawaru's second power
  8298 | Lair:1   | Gained mutation: You regenerate health from kills. [demonic ancestry]
  8298 | Lair:1   | Reached XP level 11. HP: 84/84 MP: 11/11
  8387 | Lair:1   | You fall through a shaft!
  8879 | Lair:2   | Noticed a six-headed hydra
  8891 | Lair:2   | Killed a six-headed hydra
  9014 | Lair:2   | Gained mutation: Your flesh is very heat resistant. [potion of mutation]
  9014 | Lair:2   | Gained mutation: Scrolls take you a little longer to read. [potion of mutation]
  9014 | Lair:2   | Gained mutation: Scrolls take you longer to read. [potion of mutation]
  9015 | Lair:2   | Lost mutation: Your flesh is very heat resistant. [potion of cure mutation]
  9015 | Lair:2   | Lost mutation: Scrolls take you longer to read. [potion of cure mutation]
  9015 | Lair:2   | Lost mutation: Scrolls take you a little longer to read. [potion of cure mutation]
  9066 | Lair:2   | Noticed Gastronok
  9079 | Lair:2   | HP: 1/86 [Gastronok (32)]
  9090 | Lair:2   | Killed Gastronok
  9768 | Lair:2   | Noticed Nergalle
  9795 | Lair:2   | Noticed a spectral orc warlord
  9876 | Lair:2   | Killed Nergalle
 10227 | Lair:3   | Noticed an eight-headed hydra
 10298 | Lair:3   | Killed an eight-headed hydra
 10298 | Lair:3   | Received a gift from Okawaru
 10589 | Lair:3   | Found a staircase to the Shoals.
 10818 | Lair:3   | Reached skill level 10 in Fighting
 11075 | Lair:3   | Reached XP level 12. HP: 95/97 MP: 12/12
 11663 | Lair:4   | Noticed a four-headed hydra
 11671 | Lair:4   | Killed a four-headed hydra
 11671 | Lair:4   | Reached skill level 10 in Dodging
 11744 | Lair:4   | Received a gift from Okawaru
 11745 | Lair:4   | Got a jewelled chain mail {god gift}
 11958 | Lair:4   | Reached skill level 14 in Unarmed Combat
 12415 | Lair:5   | Noticed a six-headed hydra
 12446 | Lair:5   | Killed a six-headed hydra
 12465 | Lair:5   | Noticed a six-headed hydra
 12471 | Lair:5   | Found a staircase to the Snake Pit.
 12472 | Lair:5   | Killed a six-headed hydra
 12500 | Lair:5   | Noticed an eight-headed hydra
 12512 | Lair:5   | Killed an eight-headed hydra
 12521 | Lair:5   | Reached XP level 13. HP: 106/106 MP: 13/13
 13090 | Lair:1   | Identified a scroll of acquirement
 13273 | Lair:6   | Reached skill level 1 in Shields
 13273 | Lair:6   | Reached skill level 15 in Unarmed Combat
 13318 | Lair:5   | Received a gift from Okawaru
 13756 | Lair:6   | Reached skill level 5 in Shields
 14087 | Lair:7   | Found a staircase to the Slime Pits.
 14143 | Lair:7   | Noticed Snorg
 14166 | Lair:7   | Killed Snorg
 14447 | Lair:7   | Received a gift from Okawaru
 14692 | Lair:7   | Reached skill level 16 in Unarmed Combat
 15288 | Lair:8   | Entered Level 8 of the Lair of Beasts
 15319 | Lair:8   | Gained mutation: You have a pair of large antennae on your head (SInv). [demonic ancestry]
 15319 | Lair:8   | Reached XP level 14. HP: 113/113 MP: 14/14
 16019 | Lair:8   | Reached skill level 17 in Unarmed Combat
 16075 | Lair:8   | Received a gift from Okawaru
 16884 | Orc:1    | Entered Level 1 of the Orcish Mines
 17209 | Orc:1    | Found Gevy Awola's Armour Shop.
 17234 | Orc:1    | Bought a +2 cloak of magic resistance for 258 gold pieces
 17512 | Orc:2    | Found Zylimype's Book Boutique.
 17566 | Orc:2    | Found a roughly hewn altar of Beogh.
 18119 | Orc:3    | Found a roughly hewn altar of Beogh.
 18166 | Orc:3    | Noticed Donald
 18180 | Orc:3    | Killed Donald
 18213 | Orc:3    | Received a gift from Okawaru
 18213 | Orc:3    | Reached skill level 18 in Unarmed Combat
 18290 | Orc:3    | Found Piacs's Food Boutique.
 18298 | Orc:3    | Noticed Maurice
 18307 | Orc:3    | Killed Maurice
 19348 | Orc:4    | Entered Level 4 of the Orcish Mines
 19371 | Orc:4    | Found a roughly hewn altar of Beogh.
 19413 | Orc:4    | Noticed an orc warlord
 19414 | Orc:4    | Found Zoggun's Antique Armour Boutique.
 19436 | Orc:3    | Killed an orc warlord
 19436 | Orc:3    | Reached XP level 15. HP: 34/118 MP: 15/15
 19679 | Orc:4    | Noticed Multipenetrator's ghost (powerful FoFi)
 19835 | Orc:4    | Killed Multipenetrator's ghost
 20158 | Orc:4    | Gained mutation: You are occasionally teleported to nearby monsters. [a neqoxec]
 20165 | Orc:4    | Gained mutation: You are weak. (Str -2) [a neqoxec]
 20168 | Orc:4    | Received a gift from Okawaru
 20168 | Orc:4    | Reached skill level 19 in Unarmed Combat
 20218 | Orc:4    | Found Tomm's Book Boutique.
 20244 | Orc:4    | Noticed Josephine
 20253 | Orc:4    | Killed Josephine
 20264 | Orc:4    | Noticed Sonja
 20301 | Orc:4    | Found Yvixathra's General Store.
 20313 | Orc:4    | Killed Sonja
 20392 | Orc:4    | Found a staircase to the Elven Halls.
 20408 | Orc:4    | Found Zevi's Antique Weapon Shoppe.
 20741 | Orc:4    | Bought a potion of experience for 700 gold pieces
 20741 | Orc:4    | Reached XP level 16. HP: 125/125 MP: 15/21
 20858 | D:10     | Entered Level 10 of the Dungeon
 20868 | D:10     | Noticed Harold
 20889 | D:10     | Killed Harold
 20964 | D:10     | Noticed Erica
 20972 | D:10     | Killed Erica
 22528 | D:12     | Received a gift from Okawaru
 22801 | D:12     | Found Duostac's Gadget Emporium.
 22803 | D:12     | Found Pyxzu's General Store.
 22811 | D:12     | Noticed Fannar
 22819 | D:12     | Killed Fannar
 22819 | D:12     | Reached skill level 20 in Unarmed Combat
 23074 | D:13     | Found a snail-covered altar of Cheibriados.
 23144 | D:13     | Found a gate to the Vaults.
 23873 | D:13     | Identified Sif Muna's Almanac of Creation
 24369 | D:14     | Gained mutation: You regenerate a lot of health from kills. [demonic ancestry]
 24369 | D:14     | Reached XP level 17. HP: 126/131 MP: 22/22
 24707 | Lair:1   | Learned a level 1 spell: Apportation
 24710 | Lair:1   | Learned a level 2 spell: Blink
 24713 | Lair:1   | Learned a level 2 spell: Repel Missiles
 24716 | Lair:1   | Learned a level 2 spell: Swiftness
 24719 | Lair:1   | Learned a level 2 spell: Shroud of Golubria
 25017 | D:14     | Reached skill level 21 in Unarmed Combat
 25215 | D:14     | Received a gift from Okawaru
 25393 | D:13     | Noticed Rupert
 25410 | D:13     | Killed Rupert
 25802 | D:15     | Entered Level 15 of the Dungeon
 25804 | D:15     | Noticed Kirke
 25813 | D:15     | Killed Kirke
 25965 | D:15     | Found a staircase to the Depths.
 27047 | Snake:1  | Entered Level 1 of the Snake Pit
 27076 | Snake:1  | Lost mutation: You are weak. (Str -2) [potion of cure mutation]
 27076 | Snake:1  | Lost mutation: You are occasionally teleported to nearby monsters. [potion of cure mutation]
 27318 | Snake:1  | Reached skill level 22 in Unarmed Combat
 27990 | Snake:2  | HP: 1/131 [shock serpent/electric aura (11)]
 28508 | Snake:2  | Received a gift from Okawaru
 29148 | Snake:3  | Found Diviogry's Food Emporium.
 29150 | Snake:3  | Found Ocoduiku's Assorted Antiques.
 29229 | Snake:3  | Reached XP level 18. HP: 109/138 MP: 23/23
 29352 | Snake:3  | Found Terghagex's Distillery.
 29364 | Snake:3  | Found Sifiz's Armour Boutique.
 29372 | Snake:3  | Bought a +1 pair of gloves of dexterity for 313 gold pieces
 29518 | Snake:3  | Got a slimy sapphire amulet
 29589 | Snake:3  | Found Tuxkogao's Distillery.
 29699 | Snake:3  | Bought a potion of beneficial mutation for 525 gold pieces
 29754 | Snake:3  | Gained mutation: Your flesh is very heat resistant. [potion of beneficial mutation]
 30487 | Snake:4  | Entered Level 4 of the Snake Pit
 31018 | Snake:4  | Received a gift from Okawaru
 31609 | Snake:4  | Identified the amulet "Agaon" {*Corrode +Rage rF+ MR+} (You found it on level 3 of the Snake Pit)
 31675 | Snake:4  | HP: 6/138 [greater naga/halberd (8)]
 32245 | Snake:4  | Received a gift from Okawaru
 32422 | Snake:4  | Reached skill level 15 in Dodging
 32566 | Snake:4  | Got a serpentine rune of Zot
 32643 | Snake:4  | Gained mutation: Your magical and physical power is slightly enhanced at high health. [demonic ancestry]
 32643 | Snake:4  | Reached XP level 19. HP: 143/143 MP: 24/24
 32897 | Shoals:1 | Entered Level 1 of the Shoals
 33529 | Shoals:2 | Received a gift from Okawaru
 34723 | Shoals:4 | Entered Level 4 of the Shoals
 34972 | Shoals:4 | Received a gift from Okawaru
 35032 | Shoals:4 | Noticed Ilsuiw
 35050 | Shoals:4 | Killed Ilsuiw
 35134 | Shoals:4 | Noticed Jorgrun
 35183 | Shoals:4 | Killed Jorgrun
 35364 | Shoals:4 | Received a gift from Okawaru
 35387 | Shoals:4 | Hit by a javelin of penetration thrown by a merfolk javelineer

Vault maps used:
D:1:      co_arrival_square_in_a_square_in_a_square,
          kennysheep_decorative_pillar, minmay_misc_feat_rows, st_stairs_3,
          minmay_misc_feat_five
D:2:      minmay_misc_feat_iff
D:3:      old_standard_altar, nemelex_deck
D:4:      gammafunk_temple_overflow_forgotten, nicolae_ashenzari_panopticon,
          nicolae_overflow_hidden_temple, first_bread, uniq_natasha, uniq_edmund
D:5:      amalloy_card_club
D:6:      forest_paths, grunt_temple_overflow_gold_and_silver, uniq_duvessa
D:8:      grunt_temple_overflow_magic_moments, serial_shops,
          nicolae_shop_behind_doors, the_bakery
D:9:      nicolae_ru_path_of_blood, lair_0_dummy, orc_0_dummy
D:10:     uniq_erica, uniq_harold
D:12:     serial_shops, nicolae_shop_stone, shop, uniq_fannar
D:13:     minmay_nested_s, david_vaults_1, basic_altar, minmay_librarian,
          uniq_rupert
D:14:     grunt_decor_fettered
D:15:     gammafunk_depths_entry_grave, minmay_misc_feat_pillars, uniq_kirke
Temple:   nicolae_temple_hex_pool_5
Lair:1:   nicolae_volcano_entry_lava_flow
Lair:2:   uniq_gastronok, uniq_nergalle
Lair:3:   minmay_shoals_entry_hut, wad_woods_06
Lair:4:   beast_lair_carwin_large_1
Lair:5:   guppyfry_snake_entry_island
Lair:6:   grunt_megastairs_3
Lair:7:   dpeg_slime_entry_corner, uniq_snorg
Lair:8:   minmay_lair_end_enchanted_forest, lemuel_fruit_fields
Shoals:2: uniq_polyphemus
Shoals:4: shoals_end_hangedman, shoals_ilsuiw_alternative,
          nicolae_shoals_stone_sculpture_thing, uniq_jorgrun
Snake:1:  serial_bayou_shore_a
Snake:3:  serial_shops, shop, shop, shop_fountains, shop, shop_statue,
          grunt_megastairs_2
Snake:4:  snake_pit_salamanders_mu, lemuel_fruit_tree
Orc:1:    serial_shops, shop
Orc:2:    serial_shops, nicolae_shop_stone, basic_altar, minmay_orc_keep
Orc:3:    giant_chief_lemuel, basic_altar, serial_shops, nicolae_shop_crystal,
          nicolae_orc_pool_cavern, uniq_maurice, uniq_donald
Orc:4:    grunt_orc_gardens, grunt_orc_garden, grunt_orc_garden,
          grunt_orc_garden, grunt_orc_garden, basic_altar, uniq_sonja,
          uniq_josephine
Volcano:  volcano_tomb

Action                   |  1- 3 |  4- 6 |  7- 9 | 10-12 | 13-15 | 16-18 | 19-21 || total
-------------------------+-------+-------+-------+-------+-------+-------+-------++-------
Melee: Unarmed           |   163 |   174 |   372 |   709 |  1356 |  1911 |   590 ||  5275
Invok: Heroism           |       |       |       |     5 |     6 |     4 |     5 ||    20
Evoke: Wand              |       |       |       |     6 |     1 |     5 |       ||    12
  Use: Scroll            |     8 |       |    13 |     3 |     5 |    13 |     2 ||    44
       Potion            |       |       |     1 |     7 |     3 |     7 |     1 ||    19
 Stab: Sleeping          |    10 |     2 |     7 |     7 |    10 |    13 |     2 ||    51
       Distracted        |       |       |       |     2 |     2 |     7 |       ||    11
       Paralysed         |       |       |       |     3 |       |       |       ||     3
  Eat: Chunk             |     1 |     5 |    11 |    15 |    24 |    25 |    10 ||    91
       Royal jelly       |       |       |       |     2 |     2 |     1 |       ||     5
       Fruit             |       |       |       |     3 |       |     1 |       ||     4
       Bread ration      |       |       |       |       |       |     1 |       ||     1
       Meat ration       |       |       |       |       |       |     2 |       ||     2
       Beef jerky        |       |       |       |       |       |     1 |       ||     1
